 Dungeon Crawl Stone Soup version 0.21.1-1-g345015f (webtiles) character file.

3305 Fang the Cleaver (level 10, -9/63 HPs)
             Began as a Gargoyle Berserker on June 16, 2018.
             Was an Elder of Trog.
             Mangled by Erica
             ... wielding a +4 scimitar of flaming
              (10 damage)
             ... on level 8 of the Dungeon on June 20, 2018.
             The game lasted 00:12:05 (6621 turns).

Fang the Cleaver (Gargoyle Berserker)               Turns: 6621, Time: 00:12:07

Health: -9/63      AC: 14    Str: 23    XL:     10   Next: 1%
Magic:  10/10      EV: 14    Int:  9    God:    Trog [****..]
Gold:   355        SH:  0    Dex:  9    Spells: 9/9 levels left

rFire    + . .     SeeInvis .   a - +0 hand axe
rCold    + . .     Gourm    .   (no shield)
rNeg     + . .     Faith    .   i - +1 robe {rC+ rF+}
rPois    ∞         Spirit   .   q - +1 helmet
rElec    +         Reflect  .   f - +1 cloak
rCorr    .         Harm     .   (no gloves)
MR       .....                  (no boots)
Stlth    ++........             p - amulet of regeneration
HPRegen  0.60/turn              (no ring)
MPRegen  0.12/turn              (no ring)

@: about to teleport, berserk cooldown, slowed, very slow
A: negative energy resistance 1, electricity resistance, unbreathing,
petrification resistance, rot immunity, AC +7
a: Berserk, Trog's Hand, Brothers in Arms, Burn Spellbooks, Renounce Religion


You were on level 8 of the Dungeon.
You worshipped Trog.
Trog was greatly pleased with you.
You were not hungry.

You visited 2 branches of the dungeon, and saw 9 of its levels.

You collected 355 gold pieces.

Inventory:

Hand Weapons
 a - a +0 hand axe (weapon)
Armour
 f - a +1 cloak (worn)
 i - a +1 robe of resistance (worn)
 q - a +1 helmet (worn)
Jewellery
 p - an amulet of regeneration (around neck)
Wands
 b - a wand of enslavement (12)
 e - a wand of polymorph (11)
 j - a wand of flame (11)
 l - a wand of clouds (7)
 s - a wand of acid (7)
 v - a wand of random effects (27)
 w - a wand of disintegration (10)
Scrolls
 k - 2 scrolls of identify
 m - 2 scrolls of fog
 n - 2 scrolls of teleportation
 o - 4 scrolls of remove curse
Potions
 d - 2 potions of resistance
 g - a potion of flight
 h - a potion of cancellation
 r - 4 potions of curing
 t - 3 potions of brilliance
 u - 2 potions of haste
 x - a potion of agility
 z - a potion of mutation {unknown}
Books
 y - a book of Cantrips

   Spells                             Type                      Level
   a - Confusing Touch                Hexes                        1
   b - Animate Skeleton               Necromancy                   1
   c - Summon Small Mammal            Summoning                    1
   d - Apportation                    Translocation                1
   Trog disapproves of the use of such an item.
Comestibles
 c - 16 rations


   Skills:
 + Level 7.4 Fighting
 + Level 9.6 Axes
 + Level 2.2 Armour
 + Level 5.5 Dodging
 + Level 3.7 Stealth


You had 9 spell levels left.
You didn't know any spells.

Dungeon Overview and Level Annotations

Branches:
Dungeon (8/15)             Temple (1/1) D:7
   Lair: D:8-11

Altars:
Ashenzari
Cheibriados
Dithmenos
Elyvilon
Fedhas
Gozag
Kikubaaqudgha
Makhleb
Nemelex Xobeh
Okawaru
Qazlal
Ru
Sif Muna
Trog
Uskayaw
Vehumet
Wu Jian
Xom
Yredelemnul
Zin
The Shining One

Shops:
D:7 :

Annotations:
D:8 Erica


Innate Abilities, Weirdness & Mutations

You are resistant to torment.
Your stone body is resilient. (AC +7)
You are immune to poison.
You resist negative energy. (rN+)
You are resistant to electric shocks. (rElec)
You can survive without breathing.
You are immune to petrification.
You are immune to rotting.


Message History

As you read the scroll of fog, it crumbles to dust.
The scroll dissolves into smoke.
The bullfrog closely misses you. The centaur closely misses you.
The bullfrog hits you.
* * * LOW HITPOINT WARNING * * *
Something hits you.
* * * LOW HITPOINT WARNING * * *
Something burns you.
* * * LOW HITPOINT WARNING * * *
The centaur misses you.
The bullfrog hits you but does no damage.
The centaur barely misses you.
Unknown command.
As you read the scroll of teleportation, it crumbles to dust.
You feel strangely unstable. The bullfrog hits you.
* * * LOW HITPOINT WARNING * * *
You hear some strange, mumbled words.
Something tries to affect you, but you resist.
The centaur hits you but does no damage.
The bullfrog completely misses you. Something hits you!
You die...

.$.......# .........
.......# ## #......##..
######..........
...............
............# ##
.......Fc§..##.(#
###+##.§@§.......
##..##.§{§.......
#.......(........
#...............#
#.......(...#######+###
#....?..(...##..##....#
#.....................#
######..##..##........#
#..##..##..##..##...^#


You could see a bullfrog and a centaur.

Vanquished Creatures
  A two-headed ogre (D:8)
  The ghost of CryoXil the Slasher, an amateur NaFi (D:6)
  A slime creature (D:6)
  The ghost of senjinn the Geomancer, an amateur GrEE (D:3)
  A hungry ghost (D:7)
  A water moccasin (D:5)
  A sky beast (D:6)
  An ice beast (D:7)
  An orc warrior (D:7)
  A black bear (D:6)
  A phantom (D:4)
  4 ogres
  A centaur (D:5)
  3 bullfrogs
  A centaur zombie (D:6)
  A crimson imp (D:6)
  2 hounds (D:7)
  A bullfrog skeleton (D:6)
  A bullfrog zombie (D:6)
  An orc priest (D:7)
  2 jellies (D:6)
  2 iguanas
  2 worker ants (D:6)
  5 orc wizards
  A hound zombie (D:7)
  A worker ant zombie (D:8)
  3 gnolls (D:5)
  3 adders
  2 shadow imps
  15 oozes
  An adder skeleton (D:7)
  3 worms
  A dart slug (D:2)
  7 leopard geckos
  19 orcs
  6 giant cockroaches
  6 goblins
  5 hobgoblins
  11 jackals
  9 kobolds
  3 quokkas
  A ball python (D:3)
  13 bats
  6 frilled lizards
  A leopard gecko skeleton (D:4)
  A quokka skeleton (D:5)
  9 rats
164 creatures vanquished.

Vanquished Creatures (others)
  2 fungi (D:6)
2 creatures vanquished.

Grand Total: 166 creatures vanquished

Notes
Turn   | Place    | Note
-------+----------+-------------------------------------------
     0 | D:1      | Fang the Gargoyle Berserker began the quest for the Orb.
     0 | D:1      | Reached XP level 1. HP: 14/14 MP: 1/1
    67 | D:1      | Reached XP level 2. HP: 13/19 MP: 2/2
   252 | D:1      | Reached skill level 3 in Axes
   551 | D:1      | Reached XP level 3. HP: 24/24 MP: 3/3
  1104 | D:2      | Reached ** piety under Trog
  1728 | D:2      | Reached XP level 4. HP: 24/29 MP: 4/4
  2599 | D:3      | Noticed senjinn's ghost (amateur GrEE)
  2622 | D:3      | Killed senjinn's ghost
  2622 | D:3      | Reached skill level 4 in Axes
  2622 | D:3      | Reached skill level 1 in Stealth
  2622 | D:3      | Reached XP level 5. HP: 34/34 MP: 5/5
  2622 | D:3      | Reached XP level 6. HP: 39/39 MP: 6/6
  2955 | D:4      | Noticed a phantom
  2965 | D:4      | Reached *** piety under Trog
  2985 | D:4      | Killed a phantom
  3098 | D:4      | Reached skill level 5 in Axes
  3218 | D:4      | Reached XP level 7. HP: 31/44 MP: 7/7
  3712 | D:5      | Entered Level 5 of the Dungeon
  4020 | D:5      | Reached skill level 5 in Fighting
  4122 | D:5      | Reached skill level 6 in Axes
  4282 | D:5      | Reached XP level 8. HP: 49/49 MP: 8/8
  4844 | D:6      | Reached skill level 7 in Axes
  4931 | D:6      | Noticed CryoXil's ghost (amateur NaFi)
  4949 | D:6      | Killed CryoXil's ghost
  5326 | D:6      | Noticed a slime creature
  5346 | D:6      | Killed a slime creature
  5346 | D:6      | Reached skill level 8 in Axes
  5346 | D:6      | Reached XP level 9. HP: 55/55 MP: 9/9
  5357 | D:6      | Reached **** piety under Trog
  5732 | D:7      | Paralysed by fainting for 10 turns
  5933 | D:7      | Reached skill level 5 in Dodging
  6098 | D:7      | Found Vaukor's Book Emporium.
  6147 | D:7      | Found a staircase to the Ecumenical Temple.
  6215 | D:7      | Reached skill level 9 in Axes
  6304 | Temple   | Entered the Ecumenical Temple
  6397 | D:8      | Noticed a two-headed ogre
  6409 | D:8      | Killed a two-headed ogre
  6587 | D:8      | Noticed Erica
  6609 | D:8      | Reached XP level 10. HP: 31/63 MP: 10/10
  6620 | D:8      | HP: 3/63 [something (1)]
  6621 | D:8      | HP: 1/63 [bullfrog (3)]
  6621 | D:8      | Mangled by Erica

Skill      XL: |  1  2  3  4  5  6  7  8  9 |
---------------+----------------------------+-----
Axes           | 3 4 5 6 8 9 |  9.6
Dodging        | 2 3 4 5 |  5.5
Fighting       | 4 5 6 7 |  7.4
Stealth        | 1 2 3 |  3.7
Armour         | |  2.2

Action                   |  1- 3 |  4- 6 |  7- 9 | 10-12 || total
-------------------------+-------+-------+-------+-------++-------
Melee: Hand axe          |   186 |   148 |   406 |     5 ||   745
Invok: Berserk           |       |     3 |     6 |     1 ||    10
  Use: Scroll            |       |       |    16 |     2 ||    18
 Stab: Sleeping          |       |     3 |     2 |       ||     5
       Distracted        |       |       |     1 |       ||     1
  Eat: Chunk             |     2 |     8 |    15 |       ||    25
       Ration            |       |       |     3 |       ||     3
Armor: Animal skin       |    90 |    90 |    96 |       ||   276
       Robe              |       |       |    67 |    15 ||    82
Dodge: Dodged            |   161 |   106 |   227 |    13 ||   507
